 Dungeon Sprint DCSS version 0.21.0-25-ge575cb9 (webtiles) character file.

130 wojtek the Cleaver (level 4, -6/45 HPs)
             Began as a Minotaur Berserker on Jan 27, 2018.
             Was an Elder of Trog.
             Killed from afar by a deep elf mage (22 damage)
             ... with a bolt of cold
             ... in the Dungeon (Sprint III: "The Ten Rune Challenge").
             The game lasted 00:00:41 (454 turns).

wojtek the Cleaver (Minotaur Berserker)              Turns: 454, Time: 00:00:42

Health: -6/45      AC:  2    Str: 22    XL:     4   Next: 90%
Magic:  3/3        EV: 14    Int:  4    God:    Trog [****..]
Gold:   30         SH:  0    Dex: 10    Spells: 3/3 levels left

rFire    . . .     SeeInvis .   a - +0 hand axe
rCold    . . .     Gourm    .   (no shield)
rNeg     . . .     Faith    .   b - +0 animal skin
rPois    .         Spirit   .   (helmet restricted)
rElec    .         Reflect  .   (no cloak)
rCorr    .         Harm     .   (no gloves)
MR       .....     NoTele   +   (no boots)
Stlth    +.........             (no amulet)
HPRegen  0.15/turn              (no ring)
MPRegen  0.08/turn              (no ring)

@: no status effects
A: retaliatory headbutt, horns 2
a: Berserk, Trog's Hand, Brothers in Arms, Burn Spellbooks, Renounce Religion


You were in the Dungeon.
You worshipped Trog.
Trog was greatly pleased with you.
You were not hungry.

You visited 1 branch You collected 30 gold pieces.

Inventory:

Hand Weapons
 a - a +0 hand axe (weapon)
Armour
 b - a +0 animal skin (worn)
Scrolls
 i - a scroll of blinking
 j - 3 scrolls of immolation {unknown}
 k - 5 scrolls of identify {unknown}
 n - a scroll of magic mapping {unknown}
 o - 2 scrolls of remove curse
Potions
 d - a potion of curing
 e - a potion of heal wounds
 f - a potion of haste
 g - 2 potions of magic
 h - a potion of berserk rage
 m - 5 potions of mutation
 p - 2 potions of flight {unknown}
Comestibles
 c - 2 rations


   Skills:
 + Level 6.3 Fighting
 * Level 8.2 Axes
 + Level 5.7 Armour
 + Level 5.1 Dodging


You had 3 spell levels left.
You didn't know any spells.

Dungeon Overview and Level Annotations

Branches:
Dungeon (1/1)

Altars:
Elyvilon
Kikubaaqudgha
Sif Muna
Vehumet
Zin
The Shining One


Innate Abilities, Weirdness & Mutations

You reflexively headbutt those who attack you in melee.
You have a pair of horns on your head.


Message History

The deep elf mage shouts!
The deep elf mage picks up a potion of heal wounds.
Found two altars.
There is an open door here.
Drop what? 16/52 slots (_ for help) (? for menu, Esc to quit)
You drop a Young Poisoner's Handbook.
The deep elf mage casts a spell.
The deep elf mage blinks!
The deep elf mage points at you and mumbles some strange words.
The bolt of cold hits you!
Ouch! That really hurt!
There is an open door here.
You see here a Young Poisoner's Handbook.
The spellbook bursts into flames.
Trog is delighted!
Something appears at your feet! Trog grants you ammunition!
The deep elf mage is engulfed in blazing flames.
The deep elf mage casts a spell at you. The bolt of cold hits you!
You die...

▓▓▓▓ ▓▓▓ ...####
##.#####
......#####..#___#
.......#..#..#..@#
#.##...#..#..###e#+###+
#.###..##'#..#..........
##.##..###...'.⌠........
..##..####...#...######+
..##..###....#.⌠.#
.##...##.....#...#
##....#......#'###
##..##.#.....#)).#


You could see a deep elf mage.

Vanquished Creatures
  A water elemental (D)
  A wizard (D)
  A human (D)
  A kobold demonologist (D)
  A phantom (D)
  4 rats (D)
9 creatures vanquished.

Vanquished Creatures (others)
  2 draconian scorchers (D)
  A yaktaur (D)
  6 hellions (D)
  3 plants (D)
12 creatures vanquished.

Grand Total: 21 creatures vanquished

Notes
Turn   | Place    | Note
-------+----------+-------------------------------------------
     0 | D        | wojtek the Minotaur Berserker began the quest for the Orb.
     0 | D        | Reached XP level 1. HP: 19/19 MP: 0/0
    12 | D        | Reached skill level 4 in Axes
    28 | D        | Reached ** piety under Trog
    51 | D        | HP: 1/30 [human (9)]
    52 | D        | Reached skill level 5 in Axes
    52 | D        | Reached XP level 2. HP: 1/28 MP: 1/1
    95 | D        | Killed a hellion
    99 | D        | Killed a hellion
   106 | D        | Killed a yaktaur
   122 | D        | Killed a hellion
   122 | D        | Killed a hellion
   123 | D        | Killed a hellion
   125 | D        | Killed a hellion
   293 | D        | Killed a white draconian scorcher
   319 | D        | Killed a white draconian scorcher
   330 | D        | Noticed a water elemental
   333 | D        | Killed a water elemental
   333 | D        | Reached *** piety under Trog
   333 | D        | Reached skill level 5 in Fighting
   333 | D        | Reached skill level 7 in Axes
   333 | D        | Reached skill level 5 in Armour
   333 | D        | Reached XP level 3. HP: 37/37 MP: 2/2
   333 | D        | Reached XP level 4. HP: 44/44 MP: 3/3
   377 | D        | Found a radiant altar of Vehumet.
   378 | D        | Found a deep blue altar of Sif Muna.
   378 | D        | Found an ancient bone altar of Kikubaaqudgha.
   378 | D        | Noticed a wizard
   380 | D        | Killed a wizard
   380 | D        | Reached skill level 5 in Dodging
   381 | D        | Reached **** piety under Trog
   381 | D        | Reached skill level 8 in Axes
   448 | D        | Found a glowing silver altar of Zin.
   449 | D        | Found a glowing golden altar of the Shining One.
   449 | D        | Found a white marble altar of Elyvilon.
   449 | D        | Noticed a deep elf mage
   454 | D        | Received a gift from Trog
   454 | D        | Killed from afar by a deep elf mage

Skill      XL: |  1  2  3  4 |
---------------+-------------+-----
Axes           | 5 7 8 |  8.2
Fighting       | 4 5 6 |  6.3
Armour         | 3 5 |  5.7
Dodging        | 3 4 5 |  5.1

Action                   |  1- 3 |  4- 6 || total
-------------------------+-------+-------++-------
Melee: Hand axe          |    13 |     2 ||    15
       Headbutt          |     3 |     1 ||     4
Invok: Berserk           |     2 |     1 ||     3
       Burn Spellbooks   |       |     1 ||     1
 Stab: Sleeping          |     1 |       ||     1
  Eat: Ration            |       |     1 ||     1
Armor: Animal skin       |     1 |       ||     1
Dodge: Dodged            |     5 |     1 ||     6
